 Dungeon Crawl Stone Soup version 0.22.1-1-ga44c0e56f4 (webtiles) character file.

3614 Mjsee792 the Blocker (level 9, -2/81 HPs)
             Began as a Minotaur Fighter on Oct 14, 2018.
             Was an Elder of Okawaru.
             Slain by an orc warrior
             ... wielding a +0 dire flail
              (12 damage)
             ... on level 9 of the Dungeon.
             The game lasted 00:16:28 (8007 turns).

Mjsee792 the Blocker (Minotaur Fighter)             Turns: 8007, Time: 00:16:29

Health: -2/81      AC: 15    Str: 20    XL:     9   Next: 86%
Magic:  8/8        EV: 15    Int:  5    God:    Okawaru [****..]
Gold:   543        SH: 12    Dex: 16    Spells: 8/8 levels left

rFire    . . .     SeeInvis .   t - +0 hand axe (vamp)
rCold    . . .     Gourm    .   c - +0 shield
rNeg     . . .     Faith    .   F - +3 ring mail
rPois    .         Spirit   .   (helmet restricted)
rElec    .         Reflect  .   (no cloak)
rCorr    .         Harm     .   (no gloves)
MR       .....                  (no boots)
Stlth    +.........             (no amulet)
HPRegen  0.23/turn              g - +2 ring of dexterity
MPRegen  0.11/turn              r - +5 ring of protection

@: no status effects
A: retaliatory headbutt, horns 2
a: Heroism, Renounce Religion


You were on level 9 of the Dungeon.
You worshipped Okawaru.
Okawaru was greatly pleased with you.
You were not hungry.

You visited 2 branches of the dungeon, and saw 10 of its levels.
You also visited: Ossuary.

You collected 543 gold pieces.

Inventory:

Hand Weapons
 s - a +4 hand axe
 t - a +0 vampiric hand axe (weapon)
Armour
 b - a +0 scale mail
 c - a +0 shield (worn)
 x - a +0 ring mail
 F - a +3 ring mail (worn)
Jewellery
 g - a +2 ring of dexterity (left hand)
 m - an uncursed ring of protection from cold
 q - a +3 ring of intelligence
 r - a +5 ring of protection (right hand)
 J - an uncursed ring of fire {unknown}
Wands
 i - a wand of polymorph (4)
 p - a wand of flame (24)
Scrolls
 a - a scroll of fog {unknown}
 e - 11 scrolls of remove curse
 j - a scroll of identify
 n - 5 scrolls of random uselessness
 o - 2 scrolls of fear {unknown}
 w - 3 scrolls of enchant armour {unknown}
 y - 7 scrolls of teleportation
 z - 3 scrolls of blinking
 A - 4 scrolls of immolation {unknown}
 B - 4 scrolls of magic mapping
 D - a scroll of noise {unknown}
 I - a scroll of amnesia {unknown}
Potions
 d - a potion of might
 h - 9 potions of degeneration
 k - 6 potions of curing
 l - a potion of berserk rage
 u - 4 potions of brilliance
 v - 3 potions of resistance
 C - a potion of invisibility
 E - 5 potions of agility {unknown}
 G - a potion of flight {unknown}
 H - a potion of haste {unknown}
 K - a potion of lignification {unknown}
Comestibles
 f - 6 rations


   Skills:
 + Level 8.1 Fighting
 - Level 2.4 Axes
 + Level 8.8 Armour
 + Level 7.6 Dodging
 + Level 10.6 Shields


You had 8 spell levels left.
You didn't know any spells.
Your spell library was empty.

Dungeon Overview and Level Annotations

Branches:
Dungeon (9/15)             Temple (1/1) D:4
   Lair: D:8-11         Orc: D:9-12

Altars:
Ashenzari
Cheibriados
Dithmenos
Elyvilon
Fedhas
Gozag
Hepliaklqana
Kikubaaqudgha
Makhleb
Nemelex Xobeh
Okawaru
Qazlal
Ru
Sif Muna
Trog
Uskayaw
Vehumet
Wu Jian
Xom
Yredelemnul
The Shining One

Annotations:
D:7 1 runed door, bananovenc's ghost, novice GrBe


Innate Abilities, Weirdness & Mutations

You reflexively headbutt those who attack you in melee.
You have a pair of horns on your head.


Message History

You headbutt the orc warrior.
The orc warrior is severely wounded.
The orc closely misses you. The orc warrior misses you.
You furiously retaliate!
You headbutt the orc warrior. You closely miss the orc warrior.
The orc warrior is severely wounded.
You block the orc's attack.
The orc warrior hits you with a dire flail!!
* * * LOW HITPOINT WARNING * * *
Unknown command.
You hit the orc warrior but do no damage.
Your headbutt misses the orc warrior.
The orc warrior is severely wounded.
You block the orc's attack.
The orc warrior hits you with a dire flail!
* * * LOW HITPOINT WARNING * * *
Unknown command.
You feel better.
The orc warrior hits you with a dire flail!
You die...

##..# .. #.......# ....# #..
##......# ###.# #......# # #.#
#####..# # #.# ##.# # #.## >#
# #.##. ## #.# #. ########+#
#.# #..##..o.o@..## #.#
#......####...###
#.####....##.?##....########
#.#..#..8.'o?..+.8...##....#
#†#.###...##.?##...........#
#.#.# ##... ##...#####....#
###.#.######. ....######....#
.........###########........(#
.........#........#..........#


You could see an orc warrior and an orc.

Vanquished Creatures
  Pikel (D:8)
  A troll (D:9)
  An orc warrior (D:9)
  A phantom (D:5)
  3 slaves (D:8)
  2 sky beasts
  3 ice beasts (D:5)
  3 ogres
  4 centaurs
  2 bullfrogs
  3 scorpions
  4 wights (D:7)
  4 howler monkeys
  2 bullfrog zombies (D:5)
  A centaur zombie (Ossuary)
  A crimson imp (D:5)
  2 hounds
  2 human zombies (Ossuary)
  A jelly (D:7)
  2 centaur skeletons
  An orc priest (D:4)
  5 orc wizards
  2 iguanas
  3 worker ants
  A big kobold zombie (Ossuary)
  A hound skeleton (D:8)
  4 mummies (Ossuary)
  8 adders
  A shadow imp (D:9)
  An adder zombie (D:2)
  3 adder skeletons
  4 worms
  3 dart slugs (D:1)
  4 leopard geckos
  16 orcs
  A ball python (D:1)
  9 bats
  6 giant cockroaches
  5 goblins
  8 hobgoblins
  11 jackals
  11 kobolds
  3 quokkas
  12 frilled lizards
  3 gnoll zombies
  A kobold zombie (Ossuary)
  A leopard gecko zombie (D:5)
  An orc zombie (Ossuary)
  2 rats
174 creatures vanquished.

Vanquished Creatures (others)
  2 withered plants (D:7)
2 creatures vanquished.

Grand Total: 176 creatures vanquished

Notes
Turn   | Place    | Note
-------+----------+-------------------------------------------
     0 | D:1      | Mjsee792 the Minotaur Fighter began the quest for the Orb.
     0 | D:1      | Reached XP level 1. HP: 19/19 MP: 0/0
   376 | D:1      | Reached XP level 2. HP: 27/27 MP: 1/1
   385 | D:1      | Reached skill level 4 in Shields
   648 | D:1      | Reached XP level 3. HP: 33/33 MP: 2/2
  1197 | D:2      | Reached XP level 4. HP: 40/40 MP: 3/3
  1482 | D:2      | Reached skill level 1 in Dodging
  1650 | D:3      | Reached skill level 5 in Shields
  1679 | D:3      | Found a white marble altar of Elyvilon.
  1902 | D:3      | Reached XP level 5. HP: 47/47 MP: 4/4
  1904 | D:3      | Reached skill level 5 in Armour
  2301 | D:3      | Found a deep blue altar of Sif Muna.
  2357 | D:3      | Found a shattered altar of Ashenzari.
  2509 | D:4      | Found a sand-covered staircase.
  2522 | Ossuary  | Entered an ossuary
  2703 | Ossuary  | Reached XP level 6. HP: 43/53 MP: 5/5
  2966 | Ossuary  | Reached skill level 6 in Shields
  3063 | D:4      | Found a staircase to the Ecumenical Temple.
  3072 | Temple   | Entered the Ecumenical Temple
  3203 | Temple   | Became a worshipper of Warmaster Okawaru
  3311 | D:4      | Reached skill level 5 in Fighting
  3396 | D:4      | Reached XP level 7. HP: 56/61 MP: 6/6
  3714 | D:4      | Found an opulent altar of Gozag.
  3860 | D:5      | Entered Level 5 of the Dungeon
  3881 | D:5      | Reached * piety under Okawaru
  4046 | D:5      | Reached skill level 7 in Shields
  4156 | D:5      | Reached XP level 8. HP: 35/70 MP: 7/7
  4475 | D:5      | Reached skill level 5 in Dodging
  4715 | D:5      | Reached ** piety under Okawaru
  4769 | D:5      | Reached skill level 8 in Shields
  4844 | D:5      | Found a bloodstained altar of Trog.
  4846 | D:5      | Found an ancient bone altar of Kikubaaqudgha.
  6086 | D:7      | Found a hide-covered altar of Uskayaw.
  6119 | D:7      | Reached XP level 9. HP: 69/79 MP: 8/8
  6173 | D:7      | Found a runed door.
  6174 | D:7      | Noticed bananovenc's ghost (novice GrBe)
  6580 | D:7      | Found a shadowy altar of Dithmenos.
  6759 | D:8      | Noticed Pikel
  6863 | D:8      | Reached skill level 9 in Shields
  6873 | D:8      | Reached *** piety under Okawaru
  7139 | D:8      | Killed Pikel
  7675 | D:9      | Noticed a troll
  7700 | D:9      | Killed a troll
  7700 | D:9      | Reached **** piety under Okawaru
  7700 | D:9      | Reached skill level 10 in Shields
  8000 | D:9      | HP: 1/81 [orc warrior/dire flail (14)]
  8007 | D:9      | Slain by an orc warrior

Skill      XL: |  1  2  3  4  5  6  7  8  9 |
---------------+----------------------------+-----
Shields        | 4 5 6 7 8 10 | 10.6
Armour         | 4 5 6 7 8 |  8.8
Fighting       | 4 5 7 8 |  8.1
Dodging        | 1 2 3 4 6 7 |  7.6
Axes           | |  2.4

Action                   |  1- 3 |  4- 6 |  7- 9 || total
-------------------------+-------+-------+-------++-------
Melee: War axe           |   112 |    44 |       ||   156
       Headbutt          |    13 |    50 |    98 ||   161
       Hand axe          |       |   167 |   356 ||   523
  Use: Scroll            |       |     3 |     9 ||    12
       Potion            |       |       |     1 ||     1
  Eat: Chunk             |     1 |     2 |     8 ||    11
       Ration            |       |     3 |     2 ||     5
Armor: Scale mail        |    70 |    56 |       ||   126
       Ring mail         |       |    21 |   102 ||   123
Dodge: Dodged            |    55 |    74 |   165 ||   294
Block: Shield            |    84 |   104 |   193 ||   381
